 Dungeon Crawl Stone Soup version 0.31-a0-986-g5e6e4ef867 (webtiles) character file.

Game seed: 16522498337211566492

256 Jeffwins the Ruffian (level 5, 0/29 HPs)
             Began as a Draconian Shapeshifter on Nov 24, 2023.
             Slain by Crazy Yiuf
             ... wielding a +4 quarterstaff of chaos
              (14 damage)
             ... on level 2 of the Dungeon.
             The game lasted 00:02:26 (1521 turns).

Jeffwins the Ruffian (Draconian Shapeshifter)       Turns: 1521, Time: 00:02:26

Health: 0/29       AC:  5    Str: 16    XL:     5   Next: 92%
Magic:  5/5        EV: 12    Int: 13    God:
Gold:   155        SH:  0    Dex: 10    Spells: 4/4 levels left

rFire   . .          .
                       - Unarmed
rCold   . . .        (shield currently unavailable)
rNeg    + . .        (body armour unavailable)
rPois   .            (helmet restricted)
rElec   .            (no cloak)
rCorr   .            (no gloves)
SInv    .            (no boots)
Will    .....        g - amulet of regeneration
Stlth   +            N - ring of positive energy
HPRegen 1.04/turn    (no ring)
MPRegen 0.09/turn

%: no passive effects
@: flux-form, glowing
A: glow, contaminating, reduced hp, AC +5, unfitting armour, cold-blooded
a: Begin Untransformation


You were on level 2 of the Dungeon.
You were something dangerously unstable.
You visited 1 branch of the dungeon, and saw 2 of its levels.

You collected 155 gold pieces.


Innate Abilities, Weirdness & Mutations

You are something dangerously unstable.
You glow with magical radiation, making you easy to see and hit.
Foes you strike become dangerously contaminated with magical radiation.
Your maximum health is decreased, since you lack skill for your form.
You are incapable of wielding weapons or throwing items.
Your plain brown scales are hard. (AC +5)
You cannot fit into any form of body armour.
You are cold-blooded and may be slowed by cold attacks.


   Skills:
 + Level 2.6 Fighting
 + Level 2.7 Dodging
 + Level 1.7 Stealth
 * Level 4.3 Unarmed Combat
 * Level 4.1 Shapeshifting


You had 4 spell levels left.
You didn't know any spells.
Your spell library contained the following spells:

 Spells                   Type           Power      Damage    Failure   Level
 Dazzling Flash           Conj/Hex       0%         N/A       67%         3
 Volatile Blastmotes      Fire/Tloc      0%         2d10      67%         3
 Starburst                Conj/Fire      0%         6d3       100%        6
 Maxwell's Capacitive Co  Air            0%         ∞         100%        8

Inventory:

Missiles
 m - 6 poisoned darts (quivered)
Jewellery
 g - an amulet of regeneration (around neck)
 N - a ring of positive energy (left hand)
Talismans
 b - a beast talisman
 c - a flux talisman (active)
Scrolls
 f - 4 scrolls of identify {unknown}
 i - a scroll of poison {unknown}
 j - a scroll of butterflies {unknown}
 k - a scroll of brand weapon {unknown}
Potions
 a - a potion of lignification {!q}
 d - 2 potions of curing {unknown}
 e - 2 potions of heal wounds {unknown}
 h - 2 potions of might {unknown}
 l - a potion of brilliance {unknown}

Dungeon Overview and Level Annotations

Branches:
Dungeon (2/15)

Altars:
The Shining One

Annotations:
D:2 Crazy Yiuf

####.#
#.#####....#
#....... #
#.# #.##
#....#
#....... #
#.####..#
#PPP.#
#....... #
#.......#
##P.)#
#....... #
#.......#
##)##
#.......
####.......#
##)#
#####.......
...........#
#)##
#...'....>..
####(......#
##)#
#####.......
####.......#
#p## #####'##
...........#
▒g▒ #######
#.##
...........#
))) #.....#
#...
.....#######
▒)))▒
#.....###.##
.....# ▒).)▒
#.....#...#
.....# ▒▒▒▒▒
#.....#.###
.....#
#.....#.#
.....#
##.....'.#
.....#
#......######


You could see Crazy Yiuf (heavy contam).


Message History

You kill the quokka!
No target in view!
You see here a quokka corpse.
Found three hammers.
Unknown command.
You see here a +0 hammer.
Found seven hammers.
Found a runed translucent door.
You see here a +0 hammer.
Found a hammer.
Crazy Yiuf shouts!
You see here a +0 hammer.
You see here a +0 hammer.
Found two hammers and a glowing hammer.
Crazy Yiuf says, "Rot!
Ice foot head."
You see here a +0 hammer.
You open the door. You hit Crazy Yiuf.
Crazy Yiuf begins to glow.
You tail-slap Crazy Yiuf.
Crazy Yiuf is moderately wounded.
Crazy Yiuf closely misses you.
Unknown command.
You hit Crazy Yiuf.
Crazy Yiuf glows dangerously bright.
Crazy Yiuf is moderately wounded.
Crazy Yiuf hits you with a +4 quarterstaff of chaos!
Crazy Yiuf burns you.
* * * LOW HITPOINT WARNING * * *
Unknown command.
You barely miss Crazy Yiuf.
Crazy Yiuf is moderately wounded.
Crazy Yiuf hits you with a +4 quarterstaff of chaos!
You die...

Skill      XL: |  1  2  3 |
---------------+----------+-----
Dodging        | 2 |  2.7
Fighting       | 2 |  2.6
Stealth        | 1 |  1.7
Unarmed Combat | 4 |  4.3
Shapeshifting  | 4 |  4.1

Action                     |  1- 3 |  4- 6 || total
---------------------------+-------+-------++-------
  Melee: Unarmed           |    81 |    46 ||   127
         Tailslap          |     8 |    15 ||    23
   Stab: Sleeping          |     1 |     1 ||     2
 Armour: Skin              |    39 |    24 ||    63
  Dodge: Dodged            |    46 |    24 ||    70
   Form: Flux              |     1 |       ||     1

Levels and vault maps discovered:
D:1:      scummos_arrival_hexagon, layout_loops_ring, dreamdust_wishing_well
D:2:      layout_basic, basic_altar, uniq_sigmund, uniq_terence,
          uniq_crazy_yiuf_cottage

Notes
Turn   | Place    | Note
-------+----------+-------------------------------------------
     0 | D:1      | Jeffwins the Draconian Shapeshifter began the quest for the
                  | Orb.
     0 | D:1      | Reached XP level 1. HP: 16/16 MP: 1/1
   150 | D:1      | Reached XP level 2. HP: 23/23 MP: 2/2
   390 | D:1      | Reached skill level 2 in Dodging
   534 | D:1      | Reached XP level 3. HP: 29/29 MP: 3/3
   769 | D:2      | Noticed Sigmund
   931 | D:2      | Killed Sigmund
   932 | D:2      | Reached skill level 2 in Fighting
   932 | D:2      | Reached skill level 1 in Stealth
   932 | D:2      | Reached skill level 4 in Unarmed Combat
   932 | D:2      | Reached skill level 4 in Shapeshifting
   932 | D:2      | Reached XP level 4. HP: 21/37 MP: 4/4
   932 | D:2      | Reached XP level 5. HP: 24/42 MP: 5/5
  1065 | D:2      | Found a glowing golden altar of the Shining One.
  1411 | D:2      | Noticed Terence
  1436 | D:2      | Killed Terence
  1514 | D:2      | Found a runed translucent door.
  1515 | D:2      | Noticed Crazy Yiuf
  1521 | D:2      | Slain by Crazy Yiuf

Vanquished Creatures
  Sigmund (D:2)
  Terence (D:2)
  2 adders (D:2)
  A worm (D:2)
  3 dart slugs
  A ball python (D:1)
  5 bats
  2 endoplasms
  4 giant cockroaches
  4 goblins
  3 hobgoblins
  4 jackals (D:1)
  A kobold (D:2)
  A quokka (D:2)
  4 frilled lizards (D:1)
  3 rats (D:2)
40 creatures vanquished.

Table legend: (Time is in decaauts)
 A = Elapsed time spent in this place.
 B = Non-inter-level travel time spent in this place.
 C = Inter-level travel time spent in this place.
 D = Time resting spent in this place.
 E = Time spent auto-exploring this place.
 F = Levels seen in this place.
 G = Mean time per level.
                   A        B        C        D        E       F      G
               +--------+--------+--------+--------+--------+-----+--------+
         Total |   1517 |   1488 |     29 |    100 |   1034 |   2 |  758.5 |
       Dungeon |   1517 |   1488 |     29 |    100 |   1034 |   2 |  758.5 |
               +--------+--------+--------+--------+--------+-----+--------+

Top non-repeatable levels by time:
     D:1: 801 daAuts
     D:2: 716 daAuts

Table legend:
 A = Non-vault XP
 B = Vault XP
 C = Vault XP percentage of total XP
 D = Non-vault monster count
 E = Vault monster count
 F = Vault count percentage of total count
                 A         B        C        D         E       F
            +---------+---------+-------+---------+---------+-------
      Total |      99 |     267 |  73.0 |      38 |       2 |   5.0
            +---------+---------+-------+---------+---------+-------
        D:1 |      43 |       0 |   0.0 |      22 |       0 |   0.0
        D:2 |      56 |     267 |  82.7 |      16 |       2 |  11.1
            +---------+---------+-------+---------+---------+-------
